 Dungeon Crawl Stone Soup version 0.27-a0-1196-g3e9cee4cb2 (webtiles) character file.

Game seed: 12111164006103696404

313 freelancePsychic the Covert (level 6, -8/37 (42) HPs)
             Began as an Octopode Delver on May 28, 2021.
             Mangled by a wight
             ... wielding a +2 long sword of protection
              (12 damage)
             ... on level 3 of the Dungeon.
             The game lasted 00:10:11 (3980 turns).

freelancePsychic the Covert (Octopode Delver)       Turns: 3980, Time: 00:10:12

HP:   -8/37 (42)    AC:  1    Str: 11    XL:     6   Next: 43%
MP:   6/6           EV: 12    Int: 14    God:
Gold: 193           SH:  3    Dex: 14    Spells: 0/5 levels left

rFire    . . .     SeeInvis .   a - +2 short sword
rCold    . . .     Faith    .   j - +0 buckler
rNeg     . . .     Spirit   .   (helmet restricted)
rPois    .         Reflect  .   (no amulet)
rElec    .         Harm     .   (no ring)
rCorr    .         Rampage  .   (no ring)
Will     .....                  (no ring)
Stlth    +++++.....             (no ring)
HPRegen  0.12/turn              (no ring)
MPRegen  0.10/turn              (no ring)
                                (no ring)
                                (no ring)

@: hasted, heavily drained, very quick
A: almost no armour, amphibious, 8 rings, camouflage 1, gelatinous body 1,
(nimble swimmer 1), tentacles
a: no special abilities


You were on level 3 of the Dungeon.
You visited 1 branch of the dungeon, and saw 5 of its levels.

You collected 193 gold pieces.

Inventory:

Hand Weapons
 a - a +2 short sword (weapon)
Missiles
 k - 21 sling bullets
Armour
 j - a +0 buckler (worn)
Wands
 f - a wand of digging (3)
Scrolls
 b - a scroll of fog
 d - a scroll of fear
 m - a scroll of silence {unknown}
 n - a scroll of blinking
 p - 2 scrolls of identify {@r1}
 r - a scroll of teleportation {unknown}
Potions
 c - 3 potions of heal wounds {unknown}
 g - 2 potions of ambrosia {unknown}
 h - a potion of brilliance {unknown}
 i - 2 potions of cancellation {unknown}
 l - 2 potions of invisibility {unknown}
 o - a potion of might {unknown}
 q - a potion of flight {unknown}
 s - a potion of magic {unknown}


   Skills:
 - Level 3.3 Fighting
 - Level 2.4 Short Blades
 - Level 2.4 Dodging
 + Level 8.3 Stealth
 * Level 4.3 Hexes


You couldn't memorise any spells.
You knew the following spells:

 Your Spells              Type           Power      Damage    Failure   Level
a - Tukima's Dance        Hex            12%        N/A       24%         3
b - Ensorcelled Hibernat  Hex/Ice        12%        N/A       30%         2

Your spell library contained the following spells:

 Spells                   Type           Power      Damage    Failure   Level
 Corona                   Hex            13%        N/A       9%          1
 Confusing Touch          Hex            12%        N/A       24%         3
 Dazzling Flash           Conj/Hex       12%        N/A       52%         3


Dungeon Overview and Level Annotations

Branches:
Dungeon (5/15)
 Temple: D:4-7

Altars:
Okawaru
Xom

Shops:
D:2 (

Annotations:
D:2 exclusion: ogre
D:3 1 runed translucent door, Grinder; Strat's ghost, amateur HuAM
D:5 exclusions: orc priest and orc wizard


Innate Abilities, Weirdness & Mutations

You cannot wear most types of armour.
You are amphibious.
You can wear up to eight rings at the same time.
Your skin changes colour to match your surroundings (Stealth+).
Your rubbery body absorbs attacks. (AC +1, EV +1)
((You are camouflaged near water. (Stealth+)))
You have tentacles for arms and can constrict up to eight enemies at once.


Message History

The wight hits you from afar with a +1 spear of flaming!
You feel drained. The wight burns you. The wight closely misses you.
The orc wizard gestures at itself while chanting.
The orc wizard flickers and vanishes!
Deactivating autopickup; reactivate with Ctrl-A.
Casting: Tukima's Dance (quite dangerous; 24% risk of failure)
Confirm with . or Enter, or press ? or * to list all spells.
The spell is quite dangerous to cast (24% risk of failure)!
Continue anyway?
Aiming: Tukima's Dance (quite dangerous; 24% risk of failure)
Press: ? - help, Shift-Dir - straight line, f - wight
Aim: a wight, wielding a +2 long sword of protection and wearing a +0 robe (lightly damaged, chance to affect: 49%)
The wight resists with some effort.
The wight barely misses you.
A puff of flame appears from out of thin air!
The puff of flame hits you!
* * * LOW HITPOINT WARNING * * *
There is a stone staircase leading up here.
You block the wight's attack.
You climb upwards.
Level annotation: 1 runed translucent door, Grinder; Strat's ghost, amateur HuAM Reactivating autopickup.
There is a stone staircase leading down here.
The wight barely misses you.
Okay, then.
You feel yourself speed up. You block the wight's attack.
The wight hits you with a +2 long sword of protection!
* * * LOW HITPOINT WARNING * * *
You feel drained.
* * * LOW HITPOINT WARNING * * *
You hit the wight. You grab the wight.
The wight is moderately damaged.
You constrict the wight. You block the wight's attack.
You hit the wight.
The wight is heavily damaged.
You constrict the wight. You hit the wight but do no damage.
You squeeze the wight.
The wight is severely damaged.
You constrict the wight, but do no damage.
The wight hits you with a +2 long sword of protection!
You die...

#.##..#
#..........#
#..##†#
#.##########
###.#.# #.#
###.#### #.#
##.##.#.# #.#
#.#.#.#.#####.#
#.##..#.......#
##.####z#######
##.##.@#
#....## ######


You could see a wight.

Vanquished Creatures
  A necrophage (D:4)
  A scorpion (D:4)
  2 iguanas (D:4)
  4 adders
  3 ufetubi (D:4)
  3 worms
  A dart slug (D:4)
  2 orcs
  4 ball pythons
  3 endoplasms
  A giant cockroach (D:1)
  4 goblins (D:1)
  5 hobgoblins
  10 jackals
  3 kobolds (D:1)
  4 quokkas
  2 bats (D:1)
  A frilled lizard (D:3)
  5 rats
59 creatures vanquished.

Vanquished Creatures (others)
  A dancing weapon (D:5)
1 creature vanquished.

Grand Total: 60 creatures vanquished

Notes
Turn   | Place    | Note
-------+----------+-------------------------------------------
     0 | D:5      | freelancePsychic the Octopode Delver began the quest for
                  | the Orb.
     0 | D:5      | Reached XP level 1. HP: 16/16 MP: 1/1
   115 | D:1      | Found a faded altar of an unknown god.
   328 | D:1      | Reached XP level 2. HP: 21/21 MP: 2/2
   616 | D:1      | Reached XP level 3. HP: 26/26 MP: 3/3
   836 | D:2      | Reached skill level 7 in Stealth
   944 | D:2      | Found Tatuul's Antique Weapon Boutique.
  1118 | D:2      | Noticed an ogre
  1230 | D:2      | Reached skill level 1 in Hexes
  1372 | D:2      | Found a shimmering altar of Xom.
  1463 | D:2      | Reached XP level 4. HP: 31/31 MP: 4/4
  1618 | D:2      | Learned a level 3 spell: Tukima's Dance
  1811 | D:3      | Noticed Grinder
  2006 | D:3      | Found an iron altar of Okawaru.
  2132 | D:3      | Found a runed translucent door.
  2134 | D:3      | Noticed Strat's ghost (amateur HuAM)
  2602 | D:4      | Noticed a scorpion
  2607 | D:4      | Killed a scorpion
  2608 | D:4      | Reached XP level 5. HP: 13/36 MP: 5/5
  3188 | D:4      | Reached skill level 8 in Stealth
  3442 | D:4      | Noticed a necrophage
  3445 | D:4      | Reached XP level 6. HP: 42/42 MP: 6/6
  3452 | D:4      | Killed a necrophage
  3550 | D:4      | Found a shimmering altar of Xom.
  3740 | D:3      | Learned a level 2 spell: Ensorcelled Hibernation
  3980 | D:3      | Mangled by a wight

Illustrated notes

Levels and vault maps discovered:
D:1:      wander_arrival_peaceful_grave, layout_basic,
          shapermc_ecumenical_altar_gd, serial_curves, eino_curves_03,
          eino_curves_04, minmay_tetromino_o4
D:2:      layout_loops_ring, serial_shops, shop, basic_altar
D:3:      layout_basic, marbit_many_paths, ebering_ghost_inner_flame,
          minmay_misc_feat_rugged, minmay_misc_feat_hallway,
          kennysheep_generic_room_11, uniq_grinder
D:4:      layout_basic, kennysheep_mini
D:5:      layout_loops_ring, old_standard_altar, kennysheep_small_square

Skill      XL: |  1  2  3  4  5  6 |
---------------+-------------------+-----
Stealth        | 7 8 |  8.3
Hexes          | 1 3 4 |  4.3
Fighting       | |  3.3
Short Blades   | |  2.4
Dodging        | |  2.4

Action                   |  1- 3 |  4- 6 || total
-------------------------+-------+-------++-------
Melee: Short sword       |    66 |    56 ||   122
       Constrict         |    12 |    11 ||    23
       Tentacles         |    12 |    15 ||    27
 Cast: Tukima's Dance    |       |     2 ||     2
  Use: Scroll            |     1 |     5 ||     6
       Potion            |       |     1 ||     1
 Stab: Sleeping          |     7 |    10 ||    17
Armor: Skin              |       |     1 ||     1
Dodge: Dodged            |    29 |    21 ||    50
Block: Buckler           |     2 |    10 ||    12

Table legend: (Time is in decaauts)
 A = Elapsed time spent in this place.
 B = Non-inter-level travel time spent in this place.
 C = Inter-level travel time spent in this place.
 D = Time resting spent in this place.
 E = Time spent auto-exploring this place.
 F = Levels seen in this place.
 G = Mean time per level.
                   A        B        C        D        E       F      G
               +--------+--------+--------+--------+--------+-----+--------+
         Total |   3985 |   3846 |    139 |    429 |   2784 |   5 |  797.0 |
       Dungeon |   3985 |   3846 |    139 |    429 |   2784 |   5 |  797.0 |
               +--------+--------+--------+--------+--------+-----+--------+

Top non-repeatable levels by time:
     D:4: 1378 daAuts
     D:3: 898 daAuts
     D:2: 889 daAuts
     D:1: 722 daAuts
     D:5: 97 daAuts
